Map: Abyssal Reef LE

Players

HeroMarine

  • Race: Terran Terran
  • Spawn Location: 5:00

llllllllllll (Zest) - Winner!

  • Race: Protoss Protoss
  • League: Master
  • Spawn Location: 11:00

Event: HomeStory Cup XV

VOD

Have the link to the VOD?

Description

Time

  • Played on: July 22, 2017, 3:55 p.m.
  • Length: 5:18

All games in this series

Show
View Real Time Build Order
Export as new Build Order

HeroMarine Terran 

Build Orders: Reaper Expand 

Get SALT Encoding   

  12  0:00  SCV  
  13  0:13  SCV  
  14  0:17  Supply Depot  
  14  0:25  SCV  
  15  0:29  Refinery  
  15  0:39  SCV  
  16  0:44  Barracks  
  16  0:51  SCV  
  17  1:03  SCV  
  18  1:15  SCV  
  19  1:31  Orbital Command, Reaper  
  20  1:48  Command Center  
  20  1:58  Factory  
  21  2:01  SCV  
  21  2:07  Refinery  
  21  2:08  Barracks Reactor  
  21  2:13  SCV  
  22  2:18  Supply Depot  
  22  2:25  SCV  
  23  2:40  SCV  
  23  2:43  Starport, Widow Mine  
  26  2:45  Marine x2  
  28  2:52  SCV  
  29  3:00  Orbital Command  
  29  3:04  SCV  
  29  3:05  Marine x2  
  30  3:11  Widow Mine  
  34  3:16  SCV  
  35  3:21  Viking  
  35  3:24  Marine x2  
  35  3:26  SCV  
  40  3:29  SCV  
  41  3:39  SCV  
  37  3:41  SCV  
  37  3:42  Marine x2  
  39  3:51  SCV  
  39  3:54  SCV  
  41  3:58  Barracks  
  41  4:02  Marine x2  
  43  4:03  SCV  
  43  4:06  SCV  
  44  4:11  Factory Tech Lab  
  44  4:14  Barracks  
  44  4:15  SCV  
  45  4:18  SCV  
  46  4:25  Supply Depot  
  46  4:29  Marine  
  46  4:31  SCV x2  
  46  4:32  Marine  
  46  4:42  Starport Tech Lab  
  46  4:43  SCV  
  46  4:44  SCV  
  46  4:47  Marine  
  46  4:49  Marine, Factory Reactor  
  46  4:50  Engineering Bay  
  48  4:55  SCV  
  48  4:56  SCV  
  48  4:58  Marine  
  51  5:01  Supply Depot  
  51  5:02  Supply Depot  
Show
View Real Time Build Order
Export as new Build Order

llllllllllll Protoss - Winner!

Build Orders: 1 Gate Expand, Oracle Opening 

Get SALT Encoding   

  12  0:00  Probe (Chrono Boost)  
  13  0:11  Probe (Chrono Boost)  
  14  0:17  Pylon  
  14  0:22  Probe (Chrono Boost)  
  15  0:35  Probe (Chrono Boost)  
  16  0:37  Gateway  
  16  0:46  Probe (Chrono Boost)  
  16  0:47  Assimilator  
  17  0:56  Probe (Chrono Boost)  
  18  1:07  Probe (Chrono Boost)  
  19  1:23  Nexus  
  19  1:32  Cybernetics Core  
  19  1:35  Probe (Chrono Boost)  
  20  1:40  Assimilator  
  20  1:45  Probe (Chrono Boost)  
  21  1:51  Pylon  
  21  1:56  Probe (Chrono Boost)  
  22  2:06  Probe (Chrono Boost)  
  23  2:09  Adept (Chrono Boost)  
  23  2:15  Stargate  
  25  2:18  Probe  
  26  2:25  Warp Gate  
  26  2:30  Probe  
  26  2:33  Adept (Chrono Boost)  
  26  2:36  Probe  
  28  2:44  Probe  
  30  2:47  Probe  
  31  2:56  Probe  
  31  2:57  Probe  
  31  2:58  Oracle (Chrono Boost)  
  36  3:08  Probe x2  
  38  3:15  Pylon  
  38  3:18  Probe  
  38  3:20  Probe  
  40  3:29  Probe  
  40  3:30  Oracle (Chrono Boost)  
  40  3:32  Probe  
  45  3:46  Gateway x2  
  45  3:47  Probe, Mothership Core  
  47  3:52  Pylon  
  48  3:59  Probe  
  48  4:02  Pylon, Phoenix (Chrono Boost)  
  50  4:07  Probe  
  51  4:14  Probe  
  52  4:23  Phoenix (Chrono Boost)  
  54  4:27  Nexus  
  54  4:36  Stalker  
  56  4:39  Probe  
  56  4:41  Probe  
  58  4:46  Stalker  
  58  4:48  Stalker  
  58  4:51  Pylon  
  62  4:53  Probe  
  62  4:54  Assimilator  
  62  4:57  Assimilator  
  63  5:02  Probe, Stalker  
  63  5:05  Probe  
Tags
 
Add a new tag
Caveats
  • Supply blocks, unpowered buildings, or Contaminate may cause inaccurate times.
  • Supply counts are checked every 10 seconds.